 Dungeon Crawl Stone Soup version 0.27-a0-1136-g0b992a5a9d (webtiles) character file.

Game seed: 15588939806176874620

13638 robertstho the Thaumaturge (level 12, -5/76 HPs)
             Began as a Djinni Fire Elementalist on May 4, 2021.
             Slain by a polar bear (6 damage)
             ... in an ice cave.
             The game lasted 00:28:07 (17374 turns).

robertstho the Thaumaturge (DjFE)                  Turns: 17374, Time: 00:28:08

Health: -5/76      AC:  5    Str:  7    XL:     12   Next: 8%
Gold:   592        EV: 13    Int: 25    God:
                   SH:  5    Dex: 13

rFire    + + .     SeeInvis .   E - +3 quarterstaff "Soecirix" {vorpal, rElec Int+2}
rCold    x . .     Faith    .   (shield currently unavailable)
rNeg     . . .     Spirit   .   a - +0 robe
rPois    ∞         Reflect  +   d - +1 helmet
rElec    +         Harm     .   A - scarf {repulsion}
rCorr    .         Rampage  .   G - +0 pair of gloves
Will     +....                  (boots unavailable)
Stlth    +++.......             p - amulet of reflection
HPRegen  0.22/turn              (no ring)
MPRegen  0.00/turn              (no ring)

@: flying, repel missiles
A: sickness immunity, fire resistance 2, cold vulnerability 1, float, innate
caster, hp casting, extra vitality 1
a: no special abilities


You were in an ice cave.
You visited 2 branches of the dungeon, and saw 11 of its levels.
You also visited: Sewer and Ice Cave.

You collected 637 gold pieces.
You spent 45 gold pieces at shops.

Inventory:

Hand Weapons
 n - a +0 flail of venom
 E - the +3 quarterstaff "Soecirix" (weapon) {vorpal, rElec Int+2}
   (You found it on level 10 of the Dungeon)

   It inflicts extra damage upon your enemies.
   It affects your intelligence (+2).
   It insulates you from electricity.
Missiles
 r - 6 atropa-tipped darts
Armour
 a - a +0 robe (worn)
 d - a +1 helmet (worn)
 A - a scarf of repulsion (worn)
 F - the +0 cloak of Kaufazxi {+Blink Str+2}
   (You found it on level 9 of the Dungeon)

   It affects your strength (+2).
   It lets you blink.
 G - a +0 pair of gloves (worn)
Jewellery
 p - an amulet of reflection (around neck)
 t - an amulet of regeneration
Wands
 b - a wand of charming (12)
 w - a wand of paralysis (6)
 B - a wand of mindburst (12)
 C - a wand of acid (11)
Scrolls
 f - 2 scrolls of fear
 g - 8 scrolls of teleportation
 h - 3 scrolls of holy word
 m - 2 scrolls of blinking {unknown}
 o - a scroll of immolation {unknown}
 q - a scroll of fog {unknown}
 u - a scroll of silence {unknown}
 v - a scroll of magic mapping
 y - a scroll of enchant weapon
 z - 2 scrolls of enchant armour
 D - a scroll of vulnerability
Potions
 e - 3 potions of curing
 i - 3 potions of brilliance
 k - 3 potions of haste {unknown}
 l - 2 potions of ambrosia {unknown}
 s - a potion of berserk rage
 x - a potion of attraction
Miscellaneous
 c - a box of beasts


   Skills:
 + Level 3.5 Fighting
 + Level 0.4 Short Blades
 + Level 0.8 Maces & Flails
 + Level 4.8 Dodging
 + Level 5.0 Stealth
 + Level 1.2 Shields
 + Level 14.3 Spellcasting


You had 9 spell levels left.
You knew the following spells:

 Your Spells              Type           Power      Damage    Failure   Level
a - Foxfire               Conj/Fire      100%       2x1d9     0%          1
b - Conjure Flame         Conj/Fire      73%        6-21      1%          3
c - Inner Flame           Hex/Fire       73%        N/A       1%          3
d - Sticky Flame          Conj/Fire      73%        2d9       1%          4
e - Fireball              Conj/Fire      36%        3d15      1%          5
f - Pain                  Necr           100%       1d9       0%          1
g - Blink                 Tloc           N/A        N/A       0%          2
h - Tukima's Dance        Hex            73%        N/A       1%          3
i - Summon Ice Beast      Ice/Summ       73%        N/A       1%          4
j - Airstrike             Air            36%        N/A       1%          4
Your spell library was empty.

Dungeon Overview and Level Annotations

Branches:
Dungeon (10/15)              Lair (1/6) D:10            Orc (0/2) D:9
  Sewer (visited)           IceCv (1/1)
 Temple: D:4-7

Altars:
Cheibriados
Dithmenos
Elyvilon
Hepliaklqana
Kikubaaqudgha
Vehumet
Wu Jian

Shops:
D:1 ?   D:6 *

Annotations:
D:4 2 transporters, SkiChan's ghost, amateur TeGl
D:10 2 runed translucent doors, bronco's ghost, novice DgCj


Innate Abilities, Weirdness & Mutations

You are immune to sickness and miasma.
You are immune to poison.
Your flesh is very heat resistant. (rF++)
You are vulnerable to cold. (rC-)
You float through the air rather than walking.
You learn spells naturally, not from books.
Your magical power is your life essence.
You have superior vitality. (+4 HP)


Message History

The polar bear is lightly wounded.
The fireball engulfs the wolf!!
You kill the wolf!
You hear a bellow!
You hear an angry hiss.
Unknown command.
Drop what? 33/52 slots (_ for help) (? for menu, Esc to quit)
Okay, then.
Casting: Fireball (dangerous; 1% risk of failure)
Confirm with . or Enter, or press ? or * to list all spells.
Aiming: Sticky Flame (safe; 1% risk of failure)
Press: ? - help, Shift-Dir - straight line, f/p - polar bear
Aim: a polar bear (lightly wounded, 100% to hit)
The sticky flame hits the polar bear!
The polar bear is moderately wounded.
The polar bear is covered in liquid flames!
The polar bear burns!
The polar bear bites you!
The polar bear claws you but does no damage. x2
The polar bear burns!
You see here a yak corpse.
The polar bear burns!
You sock the polar bear!
The polar bear is severely wounded.
The polar bear burns!
The polar bear goes berserk!
You hit the polar bear but do no damage.
The polar bear is severely wounded.
The polar bear burns!
The polar bear bites you!
* * * LOW HITPOINT WARNING * * *
You block the polar bear's attack.
The polar bear claws you but does no damage.
The polar bear bites you!
* * * LOW HITPOINT WARNING * * *
The polar bear claws you.
* * * LOW HITPOINT WARNING * * *
The polar bear barely misses you.
You feel much better.
The polar bear burns!
The polar bear bites you!!
* * * LOW HITPOINT WARNING * * *
The polar bear claws you.
* * * LOW HITPOINT WARNING * * *
The polar bear claws you.
You die...

###### #
#######....## ##
##h##...##.#.# ##.
##†#@..#####.#.####..
#..#..## #...####...#
#.Y#### ##.≈○##...##
##..# ##☼☼○##..#
##.†# #○○###..## #..#
#..####..# ##.h
##..#..... #..
###...#.# .. #######


You could see a polar bear (berserk, burning).

Vanquished Creatures
  A two-headed ogre (D:10)
  Pikel (D:5)
  A cyclops (D:8)
  A gargoyle (D:8)
  A cane toad (Lair:1)
  5 komodo dragons
  2 kobold demonologists (D:10)
  2 rime drakes (Lair:1)
  A troll (D:10)
  Grinder (D:5)
  A polar bear (IceCv)
  A slime creature (D:8)
  5 wyverns
  12 yaks
  Eustachio (D:4)
  A basilisk (D:10)
  5 vampire mosquitoes (D:10)
  Menkaure (D:4)
  Edmund (D:5)
  Duvessa (D:5)
  An acid dragon (D:7)
  A water moccasin (D:5)
  A swamp drake (D:10)
  An ice beast (D:8)
  7 orc warriors
  4 ogres (D:5)
  7 wolves (IceCv)
  3 centaurs
  A lemure (D:5)
  Blork the orc (D:5)
  2 phantoms (D:6)
  2 kobold brigands (D:10)
  A bullfrog (Lair:1)
  Dowan (D:5)
  A scorpion (D:6)
  A water moccasin zombie (D:5)
  A water moccasin skeleton (D:6)
  10 killer bees
  A howler monkey (D:5)
  4 centaur zombies
  5 orc priests
  3 hounds
  A jelly (D:4)
  A bullfrog skeleton (D:3)
  2 iguanas
  A scorpion zombie (D:5)
  Natasha (D:3)
  15 orc wizards
  2 merfolk sirens (Sewer)
  A merfolk avatar (Sewer)
  A hound skeleton (D:4)
  4 gnolls (D:5)
  A howler monkey skeleton (D:4)
  7 adders
  4 river rats (Sewer)
  A shadow imp (D:6)
  3 white imps
  2 ufetubi
  A worm (D:4)
  2 dart slugs
  25 orcs
  7 bats
  An endoplasm (D:1)
  3 giant cockroaches
  8 hobgoblins
  9 jackals
  4 quokkas
  13 ball pythons
  7 frilled lizards
  3 goblins
  6 kobolds
  24 rats
264 creatures vanquished.

Vanquished Creatures (others)
  656 foxfires
  13 plants (Lair:1)
669 creatures vanquished.

Grand Total: 933 creatures vanquished

Notes
Turn   | Place    | Note
-------+----------+-------------------------------------------
     0 | D:1      | robertstho the Djinni Fire Elementalist began the quest for
                  | the Orb.
     0 | D:1      | Reached XP level 1. HP: 15/15 MP: 0/0
   265 | D:1      | Reached skill level 3 in Spellcasting
   267 | D:1      | Reached XP level 2. HP: 18/21 MP: 0/0
   556 | D:1      | Found Xonawets's Magic Scroll Boutique.
   648 | D:1      | Bought a scroll of noise for 13 gold pieces
   959 | D:1      | Reached XP level 3. HP: 23/25 MP: 0/0
   959 | D:1      | Learned a level 1 spell: Pain
  1431 | D:2      | Found a faded altar of an unknown god.
  1450 | D:2      | Found a shadowy altar of Dithmenos.
  2818 | D:3      | Reached skill level 4 in Spellcasting
  2818 | D:3      | Reached XP level 4. HP: 28/31 MP: 0/0
  3653 | D:3      | Noticed Natasha
  3660 | D:3      | Killed Natasha
  3661 | D:3      | Reached XP level 5. HP: 16/35 MP: 0/0
  3661 | D:3      | Learned a level 2 spell: Blink
  4158 | D:4      | Found a glowing drain.
  4179 | Sewer    | Entered a sewer
  4476 | Sewer    | Reached skill level 5 in Spellcasting
  4548 | Sewer    | Reached XP level 6. HP: 37/40 MP: 0/0
  5826 | D:4      | Noticed Eustachio
  5844 | D:4      | Killed Eustachio
  5845 | D:4      | Reached skill level 6 in Spellcasting
  5845 | D:4      | Reached XP level 7. HP: 14/45 MP: 0/0
  5845 | D:4      | Learned a level 3 spell: Tukima's Dance
  6457 | D:4      | Found a transporter.
  6468 | D:4      | Noticed Menkaure
  6472 | D:4      | Killed Menkaure
  6633 | D:4      | Found a hazy altar of Hepliaklqana.
  6718 | D:4      | Noticed SkiChan's ghost (amateur TeGl)
  6719 | D:4      | Found a transporter.
  7039 | D:5      | Entered Level 5 of the Dungeon
  7240 | D:5      | Reached skill level 7 in Spellcasting
  7306 | D:5      | Noticed Dowan
  7308 | D:5      | Noticed Duvessa
  7311 | D:5      | Reached XP level 8. HP: 47/51 MP: 0/0
  7318 | D:5      | Killed Duvessa
  7320 | D:5      | Reached skill level 1 in Fighting
  7327 | D:5      | Killed Dowan
  7536 | D:5      | Noticed Edmund
  7543 | D:5      | Killed Edmund
  7544 | D:5      | Reached skill level 8 in Spellcasting
  7910 | D:5      | Noticed Pikel
  7922 | D:5      | Killed Pikel
  7923 | D:5      | Reached skill level 9 in Spellcasting
  7923 | D:5      | Reached XP level 9. HP: 22/58 MP: 0/0
  7923 | D:5      | Learned a level 4 spell: Summon Ice Beast
  8138 | D:5      | Found a large runed translucent door.
  8139 | D:5      | Found a large runed translucent door.
  8141 | D:5      | Noticed Blork the orc
  8165 | D:5      | Killed Blork the orc
  8404 | D:5      | Noticed Grinder
  8419 | D:5      | Killed Grinder
  8846 | D:5      | Found a snail-covered altar of Cheibriados.
  9064 | D:5      | Found a white marble altar of Elyvilon.
  9479 | D:6      | Reached skill level 10 in Spellcasting
  9668 | D:6      | Found Icips's Assorted Antiques.
  9671 | D:6      | Bought a scroll labelled BUNEWE DATYIN for 32 gold pieces
  9963 | D:6      | Found an ornate altar of the Wu Jian Council.
 10916 | D:7      | You are sucked into a shaft and drop 1 floor!
 10953 | D:8      | Reached XP level 10. HP: 54/64 MP: 0/0
 11042 | D:8      | Noticed a cyclops
 11045 | D:8      | Killed a cyclops
 11046 | D:8      | Reached skill level 11 in Spellcasting
 11047 | D:8      | Noticed a gargoyle
 11054 | D:8      | Killed a gargoyle
 12848 | D:9      | Reached skill level 12 in Spellcasting
 12851 | D:9      | Identified the +0 cloak of Kaufazxi {+Blink Str+2}
 13571 | D:9      | Reached XP level 11. HP: 28/69 MP: 0/0
 13571 | D:9      | Learned a level 4 spell: Airstrike
 14146 | D:9      | Found a staircase to the Orcish Mines.
 14237 | D:10     | Entered Level 10 of the Dungeon
 14420 | D:10     | Reached skill level 13 in Spellcasting
 14426 | D:10     | Noticed a two-headed ogre
 14527 | D:10     | Killed a two-headed ogre
 14904 | D:10     | Found a large runed translucent door.
 14904 | D:10     | Found a large runed translucent door.
 15023 | D:10     | Noticed bronco's ghost (novice DgCj)
 15763 | D:10     | Found a staircase to the Lair.
 16137 | D:10     | Identified the +3 quarterstaff "Soecirix" {vorpal, rElec
                  | Int+2}
 16477 | Lair:1   | Entered Level 1 of the Lair of Beasts
 16774 | Lair:1   | Reached skill level 1 in Shields
 16812 | Lair:1   | Reached skill level 14 in Spellcasting
 16847 | Lair:1   | Found a frozen archway.
 16856 | IceCv    | Entered an ice cave
 17170 | IceCv    | Reached XP level 12. HP: 55/76 MP: 0/0
 17361 | IceCv    | Reached skill level 5 in Stealth
 17373 | IceCv    | HP: 3/76 [polar bear (5)]
 17374 | IceCv    | HP: 1/76 [polar bear (3)]
 17374 | IceCv    | Slain by a polar bear

Illustrated notes

Levels and vault maps discovered:
D:1:      amcnicky_arrival_abandoned_market, layout_basic, serial_shops, shop,
          fountainhead, serial_bayou_pond_e
D:2:      layout_basic, basic_ecumenical_altar, basic_altar,
          minmay_splitting_lines
D:3:      layout_basic, minmay_distorted, uniq_natasha
D:4:      layout_basic, lemuel_doored_altar, cheibrodos_sewer_entry_drain,
          gammafunk_ghost_smash, minivault_25, uniq_eustachio, uniq_menkaure
D:5:      layout_basic, kennysheep_mini_moat, jmf_multi_god_temple2,
          lemuel_tele_altar, minmay_misc_feat_encased, uniq_edmund,
          uniq_blork_the_orc, uniq_pikel, uniq_duvessa, uniq_grinder
D:6:      layout_cave_pods, nzn_wu_jian_contemplation, serial_shops,
          nicolae_shop_window_shopping, corner_web_ring
D:7:      layout_rooms, minmay_temple_entry_slanted, minmay_joined_circles
D:8:      minmay_bloctagon_deflated, layout_loops_corners,
          kb_lookout_dungeons_type
D:9:      layout_small_grid, david_orc_4, hangedman_decor_peaks_small
D:10:     layout_irregular_city, erik_lair_dragon, ebering_ghost_disaster_area
Lair:1:   layout_gridlike, portal_ice_cave_rime, wad_woods_road_03, st_stairs_3,
          hibernation_bobbens, lemuel_fruit_tree, serial_bayou_shore_a
IceCv:    ice_cave_caverns_03

Skill      XL: |  1  2  3  4  5  6  7  8  9 10 11 12 |
---------------+-------------------------------------+-----
Spellcasting   | 3 4 5 6 7 9 10 12 14 | 14.3
Stealth        | 2 3 4 5 |  5.0
Dodging        | 3 4 |  4.8
Fighting       | 1 2 3 |  3.5
Shields        | 1 |  1.2
Short Blades   | |  0.4
Maces & Flails | |  0.8

Action                   |  1- 3 |  4- 6 |  7- 9 | 10-12 || total
-------------------------+-------+-------+-------+-------++-------
Melee: Unarmed           |     1 |       |       |       ||     1
       Short sword       |     4 |       |       |       ||     4
       Flail             |       |       |       |     3 ||     3
       Quarterstaff      |       |       |       |     7 ||     7
 Cast: Foxfire           |   104 |   175 |   123 |       ||   402
       Sticky Flame      |       |     1 |    10 |    24 ||    35
       Fireball          |       |       |    46 |   126 ||   172
  Use: Scroll            |     1 |       |     3 |    11 ||    15
       Potion            |       |       |     2 |     4 ||     6
Armor: Robe              |     5 |       |     3 |     5 ||    13
Dodge: Dodged            |    23 |    12 |    11 |    33 ||    79
Block: Other             |       |       |       |    14 ||    14
       Reflection        |       |       |       |     2 ||     2

Table legend: (Time is in decaauts)
 A = Elapsed time spent in this place.
 B = Non-inter-level travel time spent in this place.
 C = Inter-level travel time spent in this place.
 D = Time resting spent in this place.
 E = Time spent auto-exploring this place.
 F = Levels seen in this place.
 G = Mean time per level.
                   A        B        C        D        E       F      G
               +--------+--------+--------+--------+--------+-----+--------+
         Total |  17382 |  16686 |    696 |   2539 |  12590 |  13 | 1337.1 |
       Dungeon |  15347 |  14651 |    696 |   2059 |  11351 |  10 | 1534.7 |
          Lair |    378 |    378 |      0 |     42 |    263 |   1 |  378.0 |
         Sewer |   1136 |   1136 |      0 |      3 |    939 |   1 | 1136.0 |
      Ice Cave |    519 |    519 |      0 |    435 |     37 |   1 |  519.0 |
               +--------+--------+--------+--------+--------+-----+--------+

Top non-repeatable levels by time:
     D:8: 2294 daAuts
    D:10: 2179 daAuts
     D:5: 2118 daAuts
     D:4: 2040 daAuts
     D:3: 1506 daAuts
     D:2: 1278 daAuts
     D:1: 1275 daAuts
     D:6: 1214 daAuts
   Sewer: 1136 daAuts
     D:9: 1094 daAuts
   IceCv: 519 daAuts
  Lair:1: 378 daAuts
     D:7: 344 daAuts
